AoeStats
← Elgato8153

Golden Pit

509282044Analyzed
1v1 RM · 6d ago on Sep 26, 2026· 42m 14s· 2 players
Game mode
Random Map
Map size
Tiny (2 player)
Population
200
Speed
Normal
Resources
Standard
Victory
Conquest
Starting age
Dark Age
Ending age
Imperial Age
RankedLock teamsTeams togetherTeam positionsShared explorationLock speedFull tech treeHidden civsTurbo modeCheats
Victory
Defeat
🇪🇸 Georgians · Spain
913
+14
🇲🇽 Magyars · Mexico
877
-14
Elgato8153
4:13 Loom
8:17 Feudal Age
9:02 Double-Bit Axe
15:07 Town Watch
17:23 Gold Mining
18:59 Wheelbarrow
22:26 Castle Age
21:00 Horse Collar
23:21 Husbandry
23:31 Bloodlines
23:51 Town Patrol
23:52 Fletching
24:57 Bow Saw
25:08 Bodkin Arrow
27:40 Padded Archer Armor
29:00 Leather Archer Armor
29:57 Hand Cart
30:16 Ballistics
29:31 Pikeman
30:13 Squires
31:40 Arson
35:13 Scale Barding Armor
35:19 Forging
35:41 Scale Mail Armor
iisraelunna
7:38 Loom
10:24 Feudal Age
11:57 Double-Bit Axe
13:16 Wheelbarrow
20:56 Castle Age
32:54 Imperial Age
37:34 Scale Barding Armor
37:14 Elite Skirmisher
Connection lost

Rejoining the realm…

Still unreachable

The connection could not be restored.

Session expired

The server has moved on; the page needs a fresh start.